 Dungeon Crawl Stone Soup version 0.25.0-3-gd7cc5688da (webtiles) character file.

Game seed: 16829033474046353900

75153 Peloso the Slicer (level 15, 117/117 HPs)
             Began as a Demonspawn Fighter on June 15, 2020.
             Was the Champion of Okawaru.
             Got out of the dungeon alive.
             The game lasted 00:58:24 (25725 turns).

Peloso the Slicer (Demonspawn Fighter)             Turns: 25725, Time: 00:58:24

Health: 117/117    AC: 28    Str: 30    XL:     15   Next: 8%
Magic:  16/16      EV: 14    Int: 10    God:    Okawaru [******]
Gold:   733        SH: 14    Dex: 39    Spells: 14/14 levels left

rFire    + + .     SeeInvis +   a - +10 rapier of Qamutt {vorpal, rF++ Str+4 Dex+6}
rCold    + + .     Gourm    .   p - +3 warlock's mirror {reflect}
rNeg     + + +     Faith    +   W - +8 chain mail of the Midnight Sun {rPois rC+ Str+4 Stlth+}
rPois    +         Spirit   +   s - +1 hat {SInv}
rElec    .         Reflect  +   (no cloak)
rCorr    .         Harm     .   D - +1 pair of gloves
MR       +....                  i - +0 pair of boots of the Harp {rN+++ Int-2 Dex+7 Stlth-}
Stlth    +.........             r - amulet of faith
HPRegen  0.29/turn              F - +6 ring of dexterity
MPRegen  0.30/turn              j - ring of the Final Brambles {rC+ Int+3 Dex+6}

@: no status effects
A: horns 1, thin metallic scales 2, spiny 2, magic shield, magic regeneration
a: Heroism, Finesse, Renounce Religion


You escaped.
You worshipped Okawaru.
Okawaru was exalted by your worship.
You were not hungry.

You visited 4 branches of the dungeon, and saw 21 of its levels.
You also visited: Sewer and Volcano.

You collected 2055 gold pieces.
You spent 1322 gold pieces at shops.

Inventory:

Hand Weapons
 a - the +10 rapier of Qamutt (weapon) {vorpal, rF++ Str+4 Dex+6}
   (Okawaru gifted it to you on level 11 of the Dungeon)

   It inflicts extra damage upon your enemies.
   It affects your strength (+4).
   It affects your dexterity (+6).
   It greatly protects you from fire.
 b - the +8 rapier "Hoecvepn" {drain, rF+}
   (You found it on level 4 of the Dungeon)

   A truly terrible weapon, it drains the life of those it strikes.
   It protects you from fire.
 c - a +2 hand axe of flaming
Missiles
 G - 154 bolts
Armour
 i - the +0 pair of boots of the Harp (worn) {rN+++ Int-2 Dex+7 Stlth-}
   (Okawaru gifted it to you on level 1 of the Lair of Beasts)

   It affects your intelligence (-2).
   It affects your dexterity (+7).
   It renders you almost immune to negative energy.
   It makes you less stealthy.
 m - a +0 plate armour
 p - the +3 warlock's mirror (worn) {reflect}
   (Okawaru gifted it to you on level 2 of the Orcish Mines)
 s - a +1 hat of see invisible (worn)
 D - a +1 pair of gloves (worn)
 T - a +2 helmet of intelligence
 W - the +8 chain mail of the Midnight Sun (worn) {rPois rC+ Str+4 Stlth+}
   (You bought it in a shop on level 2 of the Orcish Mines)

   It affects your strength (+4).
   It protects you from cold.
   It protects you from poison.
   It makes you more stealthy.
Jewellery
 g - an uncursed amulet of guardian spirit
 j - the ring of the Final Brambles (right hand) {rC+ Int+3 Dex+6}
   (You took it off a vampire knight on level 14 of the Dungeon)

   [ring of dexterity]

   It affects your intelligence (+3).
   It affects your dexterity (+6).
   It protects you from cold.
 k - an uncursed amulet of the acrobat
 r - an amulet of faith (around neck)
 w - a +6 ring of dexterity
 z - an uncursed ring of protection from cold
 F - a +6 ring of dexterity (left hand)
 K - the ring of the Jester {rElec Stlth+}
   (You found it on level 10 of the Dungeon)

   [ring of stealth]

   It insulates you from electricity.
   It makes you more stealthy.
 R - an uncursed ring of see invisible
Wands
 l - a wand of flame (9)
 U - a wand of digging (2)
Scrolls
 e - 2 scrolls of identify
 h - 10 scrolls of teleportation
 n - 3 scrolls of fear
 O - 3 scrolls of blinking
 Y - a scroll of remove curse
Potions
 d - 4 potions of might
 q - 5 potions of flight
 u - 4 potions of curing
 A - 3 potions of berserk rage
 J - a potion of invisibility
 Q - a potion of haste
 Z - a potion of heal wounds
Comestibles
 f - 28 rations


   Skills:
 + Level 10.6 Fighting
 + Level 14.0(14.3) Short Blades
   Level 4.8(10.5) Long Blades
 + Level 3.5 Axes
 + Level 11.2 Armour
 + Level 4.3 Dodging
 + Level 2.6 Stealth
 + Level 12.5 Shields
 + Level 1.8 Invocations
 + Level 0.3 Evocations


You had 14 spell levels left.
You didn't know any spells.
Your spell library contained the following spells:

 Spells                   Type           Power        Failure   Level  Hunger
 Foxfire                  Conj/Fire      #...         80%         1    ##.....
 Freeze                   Ice            #...         80%         1    ##.....
 Magic Dart               Conj           #...         80%         1    ##.....
 Sting                    Tmut/Pois      #...         80%         1    ##.....
 Summon Small Mammal      Summ           #...         80%         1    ##.....
 Blink                    Tloc           N/A          91%         2    ###....
 Call Imp                 Summ           #.......     91%         2    ###....
 Slow                     Hex            #.......     91%         2    ###....
 Call Canine Familiar     Summ           #.......     99%         3    ####...
 Confusing Touch          Hex            #.......     99%         3    ####...
 Conjure Flame            Conj/Fire      #.......     99%         3    ####...
 Frozen Ramparts          Ice            #.....       99%         3    ####...
 Gell's Gravitas          Tloc           #.........   99%         3    ####...
 Ignite Poison            Fire/Tmut/Pois #.......     99%         3    ####...
 Mephitic Cloud           Conj/Pois/Air  #.......     99%         3    ####...
 Ozocubu's Armour         Chrm/Ice       #.......     99%         3    ####...
 Spider Form              Tmut/Pois      #.........   99%         3    ####...
 Summon Guardian Golem    Hex/Summ       #.......     99%         3    ####...
 Hailstorm                Conj/Ice       #.......     100%        4    #####..
 Petrify                  Tmut/Erth      #.......     100%        4    #####..
 Summon Ice Beast         Ice/Summ       #.......     100%        4    #####..
 Summon Lightning Spire   Summ/Air       #.......     100%        4    #####..
 Fireball                 Conj/Fire      #.........   100%        5    ######.
 Irradiate                Conj/Tmut      #.........   100%        5    ######.
 Metabolic Englaciation   Hex/Ice        #.........   100%        5    ######.
 Yara's Violent Unravell  Hex/Tmut       #.........   100%        5    ######.
 Eringya's Noxious Bog    Tmut/Pois      #.........   100%        6    #######
 Hydra Form               Tmut           #.........   100%        6    #######
 Statue Form              Tmut/Erth      #........    100%        6    #######
 Dragon Form              Tmut           #.........   100%        7    #######


Dungeon Overview and Level Annotations

Branches:
Dungeon (15/15)            Temple (1/1) D:7            Lair (3/6) D:8
 Spider (0/4) Lair:3          Orc (2/2) D:11            Elf (0/3) Orc:2
 Vaults (0/5) D:13         Depths (0/5) D:15          Sewer (visited)
Volcano (visited)
  Swamp: Lair:2-4    Shoals: Lair:2-4

Altars:
Cheibriados
Fedhas
Hepliaklqana
Kikubaaqudgha
Makhleb
Nemelex Xobeh
Okawaru
Ru
Sif Muna
Trog
Wu Jian
The Shining One
Beogh

Shops:
D:10 }   D:13 =   Orc:2 *([([}(?

Annotations:
Lair:1 2 transporters, exclusion: 4 oklob plants, Shaidar's ghost, journeyman MiBe
Lair:2 3 runed translucent doors, mandor's ghost, journeyman GnWz


Innate Abilities, Weirdness & Mutations

You have a pair of small horns on your head.
You are mostly covered in thin metallic scales. (AC +3)
You are mostly covered in sharp spines.
When hurt, damage is shared between your health and your magic reserves.
You regenerate magic rapidly.


Message History

There is a stone staircase leading down here.
You see here a mace.
There is a stone staircase leading up here.
You climb upwards.
There is a stone staircase leading down here.
There is a stone staircase leading up here.
You climb upwards.
There is a stone staircase leading down here.
There is a stone staircase leading up here.
You climb upwards.
There is a stone staircase leading down here.
There is a stone staircase leading up here.
You climb upwards.
There is a stone staircase leading down here.
You see here 2 stones.
You open the door.
There is an open door here.
There is a staircase leading out of the dungeon here.
Are you sure you want to leave the Dungeon?
This will make you lose the game!
You have escaped!

.# #.## ##.#.# .#
######..####### #...# .#
#.............# #...# ##
#.#####'#####.# #...#
##########.#PPP#.#PPP#.#
###.#..
.........#.#P⌠P#.#P⌠P#.#
#......
########.#.#PPP#.#PPP#.#
#....#. #.......#####.#####.##
#)...#.
#.####..+....@....'..###......
#.# ##.#####.#####....(....##
#.# #.#PPP#.#PPP#.####....##
#.# #.#P⌠P#.#P⌠P#.# #######
####'### #.#PPP#.#PPP#.# #
.......# #.#####+#####.#
.......# #..........(..#
.......#########.#############
..........# #.............#


There were no monsters in sight!

Vanquished Creatures
  Saint Roka (Orc:2)
  A sphinx (D:14)
  A vampire knight (D:14)
  Nessos (D:13)
  Josephine (D:11)
  A great orb of eyes (D:14)
  7 hydras
  3 two-headed ogres
  A catoblepas (Lair:3)
  2 orc high priests
  A salamander mystic (Volcano)
  6 skeletal warriors
  A hell knight (Volcano)
  An iron troll (shapeshifter) (D:14)
  2 wizards
  Pikel (D:7)
  4 orc knights
  2 necromancers
  2 manticores
  3 deep elf magi
  11 ugly things
  5 orc sorcerers
  6 cyclopes
  4 salamanders (Volcano)
  Joseph (D:7)
  A black mamba (Lair:1)
  A naga mage (D:15)
  3 elephants (Lair:3)
  5 spiny frogs
  2 molten gargoyles (Volcano)
  A spiny frog (shapeshifter) (D:15)
  2 rime drakes
  3 gargoyles
  A komodo dragon (Lair:3)
  A komodo dragon (shapeshifter) (D:14)
  Prince Ribbit (D:7)
  9 trolls
  A hornet (D:10)
  6 blink frogs (Lair:1)
  A harpy skeleton (D:13)
  2 dream sheep (D:11)
  A blink frog (shapeshifter) (D:15)
  7 hippogriffs
  2 redbacks (Lair:3)
  A shadow (D:14)
  Sigmund (D:5)
  3 vampires
  6 wraiths
  16 yaks
  A water elemental (D:14)
  5 fire bats (Volcano)
  A golden eye (shapeshifter) (D:13)
  3 wyverns
  5 hungry ghosts
  Eustachio (D:5)
  11 vampire mosquitoes
  2 wargs
  Edmund (D:5)
  An acid dragon (D:13)
  6 water moccasins
  2 porcupines
  3 sky beasts
  53 orc warriors
  6 ice beasts
  A hornet zombie (D:10)
  4 phantoms
  3 black bears
  2 eyes of draining
  4 wolves (Lair:3)
  4 centaurs
  3 crocodiles
  11 ogres
  6 big kobolds
  Blork the orc (D:4)
  15 bullfrogs
  A gnoll sergeant (D:9)
  A wyvern skeleton (D:12)
  8 scorpions
  4 killer bees
  8 wights
  5 howler monkeys
  7 crimson imps
  2 bullfrog zombies
  8 hounds
  7 lava snakes (Volcano)
  2 bullfrog skeletons
  28 orc priests
  2 centaur zombies
  8 centaur skeletons
  2 jellies
  28 orc wizards
  7 hell rats (Lair:3)
  11 worker ants
  A killer bee zombie (D:8)
  A hound zombie (D:10)
  19 gnolls
  4 river rats (Sewer)
  8 adders
  4 shadow imps
  2 oozes
  2 adder zombies
  An adder skeleton (D:4)
  2 worms
  2 dart slugs
  5 leopard geckos
  124 orcs
  9 giant cockroaches
  5 goblins
  9 hobgoblins
  6 jackals
  22 kobolds
  4 quokkas
  2 ball pythons
  7 bats
  12 frilled lizards
  2 jackal skeletons
  A leopard gecko skeleton (D:4)
  A quokka skeleton (D:7)
  4 rats
699 creatures vanquished.

Vanquished Creatures (others)
  An ugly thing (D:7)
  3 slaves (D:7)
  A scorpion (D:7)
  A quasit (D:7)
  A hound (D:7)
  An orc (D:7)
  3 plants (Lair:1)
11 creatures vanquished.

Grand Total: 710 creatures vanquished

Notes
Turn   | Place    | Note
-------+----------+-------------------------------------------
     0 | D:1      | Peloso the Demonspawn Fighter began the quest for the Orb.
     0 | D:1      | Reached XP level 1. HP: 18/18 MP: 1/1
   105 | D:1      | Gained mutation: You are partially covered in sharp spines.
                  | [demonic ancestry]
   105 | D:1      | Reached XP level 2. HP: 24/24 MP: 2/2
   568 | D:1      | Reached XP level 3. HP: 29/29 MP: 3/3
   791 | D:2      | Noticed a scorpion
   805 | D:2      | Killed a scorpion
   805 | D:2      | Reached XP level 4. HP: 14/35 MP: 4/4
  1653 | D:3      | Reached XP level 5. HP: 40/41 MP: 5/5
  1852 | D:3      | Found a glowing drain.
  1871 | Sewer    | Entered a sewer
  2071 | Sewer    | Reached XP level 6. HP: 12/48 MP: 6/6
  2776 | D:3      | Found a shimmering blue altar of Sif Muna.
  3430 | D:4      | Found a snail-covered altar of Cheibriados.
  3773 | D:4      | Gained mutation: When hurt, damage is shared between your
                  | health and your magic reserves. [demonic ancestry]
  3773 | D:4      | Reached XP level 7. HP: 50/54 MP: 7/7
  3977 | D:4      | Got a slimy rapier
  3978 | D:4      | Identified the +8 rapier "Hoecvepn" {drain, rF+} (You found
                  | it on level 4 of the Dungeon)
  4452 | D:4      | Noticed Blork the orc
  4456 | D:4      | Killed Blork the orc
  4807 | D:5      | Entered Level 5 of the Dungeon
  4818 | D:4      | Reached skill level 1 in Short Blades
  4818 | D:4      | Reached skill level 1 in Dodging
  4908 | D:5      | Reached XP level 8. HP: 49/61 MP: 8/8
  5022 | D:5      | Found a sparkling altar of Nemelex Xobeh.
  5030 | D:5      | Reached skill level 2 in Short Blades
  5030 | D:5      | Reached skill level 5 in Armour
  5049 | D:5      | Reached skill level 5 in Shields
  5082 | D:5      | Noticed Sigmund
  5091 | D:5      | Killed Sigmund
  5101 | D:5      | Reached skill level 3 in Short Blades
  5191 | D:5      | Noticed Edmund
  5198 | D:5      | Reached skill level 5 in Fighting
  5216 | D:5      | Killed Edmund
  5697 | D:5      | Noticed Eustachio
  5704 | D:5      | Killed Eustachio
  5704 | D:5      | Reached skill level 4 in Short Blades
  5726 | D:6      | Gained mutation: You are mostly covered in sharp spines.
                  | [demonic ancestry]
  5726 | D:6      | Reached XP level 9. HP: 67/68 MP: 9/9
  6542 | D:7      | Reached skill level 5 in Short Blades
  6559 | D:7      | Noticed Pikel
  6560 | D:7      | Paralysed by Pikel for 6 turns
  6582 | D:7      | Paralysed by Pikel for 5 turns
  6591 | D:7      | Killed Pikel
  6591 | D:7      | Reached skill level 1 in Stealth
  6866 | D:7      | Found a bloodstained altar of Trog.
  6869 | D:7      | Found a hazy altar of Hepliaklqana.
  6870 | D:7      | Found a sparkling altar of Nemelex Xobeh.
  6872 | D:7      | Found a glowing golden altar of the Shining One.
  6873 | D:7      | Found an ornate altar of the Wu Jian Council.
  6905 | D:7      | Reached skill level 6 in Short Blades
  6990 | D:7      | Noticed Prince Ribbit
  6994 | D:7      | Noticed Joseph
  7002 | D:7      | Killed Prince Ribbit
  7018 | D:7      | Noticed a purple ugly thing
  7023 | D:7      | Killed Joseph
  7029 | D:7      | Killed a purple ugly thing
  7096 | D:7      | Reached XP level 10. HP: 57/76 MP: 8/10
  7414 | D:7      | Found a staircase to the Ecumenical Temple.
  7438 | Temple   | Entered the Ecumenical Temple
  7458 | Temple   | Became a worshipper of Warmaster Okawaru
  7689 | D:8      | Reached skill level 7 in Short Blades
  7804 | D:8      | Reached * piety under Okawaru
  7927 | D:8      | Found a staircase to the Lair.
  8382 | D:9      | Reached ** piety under Okawaru
  8449 | D:9      | Reached skill level 8 in Short Blades
  9188 | D:10     | Entered Level 10 of the Dungeon
  9229 | D:10     | Found Qehi Qiodo's Gadget Shoppe.
  9485 | D:10     | Paralysed by a hornet for 1 turns
  9734 | D:10     | Noticed a brown ugly thing
  9749 | D:10     | Killed a brown ugly thing
  9749 | D:10     | Reached *** piety under Okawaru
  9753 | D:10     | Gained mutation: You regenerate magic rapidly. [demonic
                  | ancestry]
  9753 | D:10     | Reached XP level 11. HP: 83/83 MP: 11/11
  9953 | D:10     | Noticed a brown ugly thing
  9980 | D:10     | Killed a brown ugly thing
  9980 | D:10     | Reached **** piety under Okawaru
 10269 | D:10     | Reached skill level 9 in Short Blades
 10330 | D:10     | Noticed a two-headed ogre
 10338 | D:10     | Killed a two-headed ogre
 10435 | D:10     | Identified the Grimoire of the Pink Corner
 10532 | D:10     | Got a heavily runed pewter ring
 10544 | D:10     | Noticed an orc knight
 10555 | D:10     | Killed an orc knight
 10611 | D:10     | Identified the ring of the Jester {rElec Stlth+} (You found
                  | it on level 10 of the Dungeon)
 10844 | D:10     | Found a blossoming altar of Fedhas.
 10898 | D:11     | Reached ***** piety under Okawaru
 11480 | D:11     | Found a staircase to the Orcish Mines.
 11593 | D:11     | Received a gift from Okawaru
 11593 | D:11     | Reached skill level 10 in Short Blades
 11613 | D:11     | Got a twisted rapier {god gift}
 11614 | D:11     | Identified the +10 rapier of Qamutt {vorpal, rF++ Str+4
                  | Dex+6} (Okawaru gifted it to you on level 11 of the
                  | Dungeon)
 11777 | D:11     | Noticed Josephine
 11790 | D:11     | Killed Josephine
 12213 | D:11     | Noticed a three-headed hydra
 12217 | D:11     | Killed a one-headed hydra
 12217 | D:11     | Received a gift from Okawaru
 12217 | D:11     | Reached XP level 12. HP: 88/92 MP: 12/12
 12365 | D:11     | Found a roughly hewn altar of Beogh.
 12876 | D:12     | Noticed a four-headed hydra
 12885 | D:12     | Killed a one-headed hydra
 12885 | D:12     | Reached skill level 11 in Short Blades
 13021 | D:12     | Noticed a five-headed hydra
 13035 | D:12     | Killed a one-headed hydra
 13035 | D:12     | Reached skill level 1 in Axes
 13184 | D:12     | Noticed a seven-headed hydra
 13196 | D:12     | Killed a one-headed hydra
 13196 | D:12     | Reached ****** piety under Okawaru
 13196 | D:12     | Received a gift from Okawaru
 13227 | D:12     | Got a brightly glowing scale mail {god gift}
 13417 | D:12     | Identified the +4 scale mail of Okawaru's Supremacy {Str-4
                  | Int+8} (Okawaru gifted it to you on level 12 of the
                  | Dungeon)
 13721 | Lair:1   | Entered Level 1 of the Lair of Beasts
 13799 | Lair:1   | Found a dark tunnel.
 13811 | Volcano  | Entered a volcano
 14223 | Volcano  | Found a radiant altar of Vehumet.
 14245 | Volcano  | Reached skill level 10 in Shields
 14970 | Lair:1   | Received a gift from Okawaru
 14972 | Lair:1   | Gained mutation: You are partially covered in thin metallic
                  | scales. (AC +2) [demonic ancestry]
 14972 | Lair:1   | Reached XP level 13. HP: 99/99 MP: 13/13
 14975 | Lair:1   | Got a pair of encrusted boots {god gift}
 14986 | Lair:1   | Identified the +0 pair of boots of the Harp {rN+++ Int-2
                  | Dex+7 Stlth-} (Okawaru gifted it to you on level 1 of the
                  | Lair of Beasts)
 14995 | Lair:1   | Noticed Shaidar's ghost (journeyman MiBe)
 15042 | Lair:1   | Found a transporter.
 15079 | Lair:1   | Found a transporter.
 15200 | Lair:1   | You fall into a shaft and drop 1 floor!
 15218 | Lair:2   | Reached skill level 12 in Short Blades
 15363 | Lair:2   | Found a runed translucent gate.
 15363 | Lair:2   | Found a runed translucent gate.
 15363 | Lair:2   | Found a runed translucent gate.
 15363 | Lair:2   | Noticed mandor's ghost (journeyman GnWz)
 17549 | Lair:3   | Found a hole to the Spider Nest.
 18256 | Orc:1    | Entered Level 1 of the Orcish Mines
 18362 | Orc:1    | Reached skill level 10 in Armour
 18369 | Orc:1    | Received a gift from Okawaru
 18928 | Orc:1    | Reached skill level 1 in Invocations
 19382 | Orc:2    | Entered Level 2 of the Orcish Mines
 19387 | Orc:2    | Paralysed by an orc sorcerer for 7 turns
 19761 | Orc:2    | Found a roughly hewn altar of Beogh.
 19782 | Orc:2    | Found Umammaes's Weapon Shoppe.
 19813 | Orc:2    | Found Xecovvogg's Antique Armour Emporium.
 19839 | Orc:2    | Bought a smoking plate armour for 728 gold pieces
 19853 | Orc:2    | Identified the +6 plate armour of the Turtle {*Drain Str+2
                  | Stlth+} (You bought it in a shop on level 2 of the Orcish
                  | Mines)
 19912 | Orc:2    | Found a staircase to the Elven Halls.
 20156 | Orc:2    | Noticed Saint Roka
 20194 | Orc:2    | HP: 4/101 [Saint Roka/divine providence (10)]
 20199 | Orc:2    | Killed Saint Roka
 20199 | Orc:2    | Received a gift from Okawaru
 20199 | Orc:2    | Gained mutation: You are mostly covered in thin metallic
                  | scales. (AC +3) [demonic ancestry]
 20199 | Orc:2    | Reached XP level 14. HP: 35/108 MP: 2/15
 20200 | Orc:2    | Found the +3 warlock's mirror {reflect}
 20418 | Orc:2    | Reached skill level 13 in Short Blades
 20420 | Orc:2    | Found Kocuomiu's Antique Armour Shoppe.
 20539 | Orc:2    | Found a roughly hewn altar of Beogh.
 20550 | Orc:2    | Paralysed by an orc sorcerer for 5 turns
 20638 | Orc:2    | Found Bapouphe's Assorted Antiques.
 20697 | Orc:2    | Found a roughly hewn altar of Beogh.
 20718 | Orc:2    | Found a roughly hewn altar of Beogh.
 20763 | Orc:2    | Found Fuor's Gadget Emporium.
 20785 | Orc:2    | Found Azyneng's Antique Weapon Shop.
 20797 | Orc:2    | Bought a wand of digging (4) for 160 gold pieces
 20797 | Orc:2    | Bought a wand of digging (3) for 140 gold pieces
 20920 | Orc:2    | Found a roughly hewn altar of Beogh.
 20921 | Orc:2    | Found Suxovet's Magic Scroll Boutique.
 21160 | Orc:2    | Found Caikh's Antique Weapon Emporium.
 21161 | Orc:2    | Found a roughly hewn altar of Beogh.
 21169 | Orc:2    | Bought a faintly glowing chain mail for 294 gold pieces
 21177 | Orc:2    | Identified the +8 chain mail of the Midnight Sun {rPois rC+
                  | Str+4 Stlth+} (You bought it in a shop on level 2 of the
                  | Orcish Mines)
 21689 | D:13     | Found Adghiwn's Jewellery Emporium.
 21897 | D:13     | Found a gate to the Vaults.
 22094 | D:13     | Noticed Nessos
 22102 | D:13     | Killed Nessos
 23108 | D:14     | Received a gift from Okawaru
 23413 | D:14     | Noticed a frost giant
 23438 | D:14     | a frost giant changed into an iron troll
 23467 | D:14     | Reached skill level 10 in Fighting
 24028 | D:14     | Paralysed by a great orb of eyes for 7 turns
 24039 | D:14     | Received a gift from Okawaru
 24185 | D:14     | Identified the ring of the Final Brambles {rC+ Int+3 Dex+6}
 24185 | D:14     | Noticed a vampire knight
 24185 | D:14     | Noticed a sphinx
 24217 | D:14     | Killed a sphinx
 24563 | D:14     | Killed a vampire knight
 24763 | D:15     | Entered Level 15 of the Dungeon
 25278 | D:15     | Received a gift from Okawaru
 25388 | D:15     | Gained mutation: You have a pair of small horns on your
                  | head. [demonic ancestry]
 25388 | D:15     | Reached XP level 15. HP: 106/117 MP: 16/16
 25401 | D:15     | Reached skill level 14 in Short Blades
 25409 | D:15     | Found a staircase to the Depths.
 25725 | D:$      | Got out of the dungeon alive.

Illustrated notes

Levels and vault maps discovered:
D:1:      beargit_arrival_greenhouse, layout_basic
D:2:      layout_loops_cross, corexii_item_surrounded_by_moat
D:3:      layout_loops_cross, lemuel_crystal_altar, gup_sewer_entry_glass,
          kennysheep_doodads
D:4:      layout_loops_ring, kennysheep_slug_shrine, first_ration,
          uniq_blork_the_orc
D:5:      layout_rooms, basic_altar, uniq_eustachio, uniq_sigmund, uniq_edmund
D:6:      layout_basic, kennysheep_small_circle
D:7:      layout_rooms, minitemple, minmay_temple_entry_trees, uniq_pikel,
          uniq_joseph, uniq_prince_ribbit1
D:8:      layout_rooms, lair_entry_dummy
D:9:      layout_irregular_city
D:10:     minmay_the_grid_octo_2x2 [minmay_the_grid_octo_clover,
          minmay_the_grid_octo_vomiting_pacman, minmay_the_grid_octo_teeth,
          minmay_the_grid_octo_prize_single_spiral], layout_basic, serial_shops,
          nicolae_shop_waterfront, fedhas_altar_4
D:11:     layout_loops_ring, orc_0_dummy, special_room [special_room_orc],
          hangedman_ranch [blue_anna_fruit_fields], uniq_josephine
D:12:     layout_cave_pools
D:13:     layout_loops_ring, david_vaults_1, serial_shops, shop, uniq_nessos
D:14:     kennysheep_water_balloons, layout_rooms, minmay_door_square
D:15:     grunt_enter_depths_magical_seal, layout_loops_ring,
          minmay_crystal_water
Temple:   regret_index_temple_waves
Lair:1:   layout_gridlike, gammafunk_ghost_arena, nicolae_volcano_entry_hallway,
          minivault_27, grunt_megastairs_5, minmay_lair_oklob_chamber
Lair:2:   layout_misc_corridors, ebering_ghost_rock_garden
Lair:3:   layout_small_grid, spider_nest_entry_a, serial_forest,
          infiniplex_forest_clump_curved, infiniplex_forest_straight_2,
          infiniplex_forest_straight_2, infiniplex_forest_lined_room_2,
          serial_bayou_shore_a
Orc:1:    layout_caves, statue_in_the_mist_lemuel
Orc:2:    grunt_orc_community_town_hall, layout_caves,
          grunt_orc_community_big_house_1, grunt_orc_community_big_house_2,
          grunt_orc_community_house_1, grunt_orc_community_house_2,
          grunt_orc_community_house_1, grunt_orc_community_house_1,
          serial_shops, nicolae_shop_stone, shop_fountains, shop, shop

Skill      XL: |  1  2  3  4  5  6  7  8  9 10 11 12 13 14 15 |
---------------+----------------------------------------------+-----
Shields        | 3 4 5 6 8 9 10 11 12 | 12.5
Armour         | 3 4 5 6 7 8 9 10 11 | 11.2
Long Blades    | 2 3 4 |  4.8
Fighting       | 4 5 6 7 8 9 10 | 10.6
Short Blades   | 1 4 6 8 10 11 12 13 14 | 14.0
Dodging        | 1 2 3 4 |  4.3
Stealth        | 1 2 |  2.6
Axes           | 2 3 |  3.5
Invocations    | 1 |  1.8
Evocations     | |  0.3

Action                   |  1- 3 |  4- 6 |  7- 9 | 10-12 | 13-15 || total
-------------------------+-------+-------+-------+-------+-------++-------
Melee: Long sword        |    78 |   142 |    27 |       |       ||   247
       Rapier            |       |       |   279 |   671 |   944 ||  1894
       Hand axe          |       |       |       |    37 |    22 ||    59
       Headbutt          |       |       |       |       |    16 ||    16
Invok: Heroism           |       |       |       |     2 |     5 ||     7
Evoke: Wand              |       |       |       |       |     5 ||     5
  Use: Potion            |       |     5 |     1 |     1 |     9 ||    16
       Scroll            |       |    11 |     3 |     8 |     7 ||    29
 Stab: Confused          |       |       |       |       |     1 ||     1
  Eat: Chunk             |       |     8 |    12 |    28 |    25 ||    73
       Ration            |       |       |       |       |     3 ||     3
Armor: Scale mail        |    12 |       |       |       |       ||    12
       Chain mail        |    35 |    64 |    77 |   109 |   244 ||   529
       Plate armour      |       |       |    65 |   115 |    37 ||   217
Dodge: Dodged            |    22 |    22 |    59 |   135 |   251 ||   489
Block: Kite shield       |    49 |    63 |   166 |   438 |   347 ||  1063
       Buckler           |       |       |       |       |   227 ||   227
       Reflection        |       |       |       |       |    16 ||    16
       Rpst.: Long sword |     6 |     7 |       |       |       ||    13
